 Dungeon Crawl Stone Soup version 0.26-a0-651-gb41185065b (webtiles) character file.

Game seed: 14780171586039228920

245 gbos the Insei (level 6, -2/43 HPs)
             Began as an Octopode Monk on Oct 28, 2020.
             Was a Believer of Ashenzari.
             Slain by a hobgoblin
             ... wielding a +0 club
             ... led by Robin
              (7 damage)
             ... on level 2 of the Dungeon.
             The game lasted 00:04:01 (4048 turns).

gbos the Insei (Octopode Monk)                      Turns: 4048, Time: 00:04:01

Health: -2/43      AC:  1    Str: 10    XL:     6   Next: 10%
Magic:  6/6        EV: 15    Int: 14    God:    Ashenzari [**....]
Gold:   109        SH:  0    Dex: 15    Spells: 5/5 levels left

rFire    . . .     SeeInvis .     - Unarmed
rCold    . . .     Faith    +   (no shield)
rNeg     . . .     Spirit   .   (helmet restricted)
rPois    .         Reflect  .   c - amulet of faith
rElec    .         Harm     .   (no ring)
rCorr    .         Rampage  .   (no ring)
MR       .....                  (no ring)
Stlth    ++++......             (no ring)
HPRegen  0.14/turn              (no ring)
MPRegen  0.10/turn              (no ring)
                                (no ring)
                                (no ring)

@: no status effects
A: almost no armour, stealthy swim, amphibious, 8 rings, constrict 8, camouflage
1, gelatinous body 1
a: Curse Item, Scrying, Renounce Religion


You were on level 2 of the Dungeon.
You worshipped Ashenzari.
Ashenzari was pleased with you.
You visited 1 branch of the dungeon, and saw 3 of its levels.

You collected 109 gold pieces.


Innate Abilities, Weirdness & Mutations

You cannot wear most types of armour.
You are very stealthy in the water. (Stealth+)
You are amphibious.
You can wear up to eight rings at the same time.
You can use your tentacles to constrict eight enemies at once.
Your skin changes colour to match your surroundings (Stealth+).
Your rubbery body absorbs attacks. (AC +1, EV +1)


   Skills:
 + Level 4.0 Fighting
 + Level 3.9 Dodging
 + Level 4.4 Stealth
 * Level 4.8 Unarmed Combat


You had 5 spell levels left.
You didn't know any spells.
Your spell library was empty.

Inventory:

Missiles
 q - 10 poisoned darts (quivered)
 r - 2 javelins
Jewellery
 c - an amulet of faith (around mantle)
 h - an uncursed ring of fire
 s - an uncursed ring of ice
Scrolls
 b - a scroll of noise {unknown}
 e - 4 scrolls of identify {unknown}
 m - 3 scrolls of enchant weapon {unknown}
 n - a scroll of immolation {unknown}
 o - a scroll of random uselessness {unknown}
 p - a scroll of remove curse
Potions
 a - a potion of curing {unknown}
 d - 2 potions of invisibility {unknown}
 f - 3 potions of flight {unknown}
 g - a potion of mutation {unknown}
 i - a potion of brilliance {unknown}
 j - a potion of haste {unknown}
 k - a potion of degeneration {unknown}
 l - a potion of heal wounds {unknown}

Dungeon Overview and Level Annotations

Branches:
Dungeon (3/15)

Altars:
Ashenzari
Gozag
Qazlal
Sif Muna
Trog
Wu Jian
Zin
The Shining One

Annotations:
D:3 Robin, Sigmund

▒.▒ ▒.. ▒.▒ ▒.. ▒.▒
▒.. ▒▒▒▒▒▒▒▒▒▒.▒▒▒▒▒
▒▒...............
▒£.[........▒▒▒▒▒
▒.>..............
▒▒▒▒g▒▒▒▒▒.▒▒▒▒▒▒▒▒▒
▒..xg......▒▒▒▒▒▒▒▒▒
▒..........▒........
▒..........▒.▒▒▒....
▒..........▒.▒ ▒...)
▒▒▒▒'▒▒▒▒....▒ ▒....
▒.▒▒▒▒....▒ ▒....
▒▒▒▒▒▒.........▒
▒....
▒▒▒▒▒▒...▒▒▒▒▒▒.....▒
▒....
▒<...'...'..▒▒▒.....▒
▒....


You could see a hobgoblin and a goblin.


Message History

You are too injured to fight recklessly!
You are too injured to fight recklessly!
You are too injured to fight recklessly!
You closely miss the hobgoblin. You grab the hobgoblin.
You squeeze the hobgoblin.
The hobgoblin is heavily wounded.
You constrict the hobgoblin.
The hobgoblin escapes!
You tentacle-slap the hobgoblin but do no damage.
You grab the hobgoblin. You constrict the hobgoblin.
The hobgoblin hits you with a +0 club.
* * * LOW HITPOINT WARNING * * *
The hobgoblin hits you with a +0 club.
* * * LOW HITPOINT WARNING * * *
You tentacle-slap the hobgoblin but do no damage.
You tentacle-slap the hobgoblin.
The hobgoblin is almost dead.
You constrict the hobgoblin.
You kill the hobgoblin!
The hobgoblin hits you with a +0 club.
* * * LOW HITPOINT WARNING * * *
You barely miss the goblin. You grab the goblin. You constrict the goblin.
The goblin hits you with a +0 club.
* * * LOW HITPOINT WARNING * * *
The hobgoblin hits you with a +0 club!
You die...

Action                   |  1- 3 |  4- 6 || total
-------------------------+-------+-------++-------
Melee: Unarmed           |    58 |   135 ||   193
       Constrict         |    14 |    38 ||    52
       Tentacles         |    11 |    22 ||    33
       Punch             |     3 |     8 ||    11
 Stab: Sleeping          |    10 |     1 ||    11
Armor: Skin              |     8 |     5 ||    13
Dodge: Dodged            |    52 |   129 ||   181

Levels and vault maps discovered:
D:1:      minmay_arrival_plants_in_alcoves, layout_rooms
D:2:      layout_basic, minitemple, grunt_temple_overflow_open,
          ashenzari_altar_1
D:3:      layout_rooms, st_stairs_13, uniq_terence, uniq_robin, uniq_sigmund,
          uniq_crazy_yiuf_cottage

Notes
Turn   | Place    | Note
-------+----------+-------------------------------------------
     0 | D:1      | gbos the Octopode Monk began the quest for the Orb.
     0 | D:1      | Reached XP level 1. HP: 16/16 MP: 1/1
    31 | D:1      | Reached XP level 2. HP: 21/21 MP: 2/2
    35 | D:1      | Reached skill level 3 in Stealth
   477 | D:1      | Reached XP level 3. HP: 25/26 MP: 3/3
   971 | D:2      | Reached XP level 4. HP: 25/31 MP: 4/4
  1181 | D:2      | Found a glowing golden altar of the Shining One.
  1191 | D:2      | Reached skill level 4 in Unarmed Combat
  1218 | D:1      | HP: 8/31 [gnoll (7)]
  1665 | D:2      | HP: 7/31 [gnoll/+0 halberd (15)]
  2092 | D:2      | Reached XP level 5. HP: 13/36 MP: 5/5
  2306 | D:2      | Found an opulent altar of Gozag.
  2308 | D:2      | Found a bloodstained altar of Trog.
  2324 | D:2      | Found a broken altar of Ashenzari.
  2346 | D:2      | Became a worshipper of Ashenzari the Shackled
  2346 | D:2      | Reached * piety under Ashenzari
  2346 | D:2      | Reached ** piety under Ashenzari
  2497 | D:2      | Reached skill level 4 in Stealth
  2919 | D:2      | Found a shimmering blue altar of Sif Muna.
  2925 | D:2      | Found a stormy altar of Qazlal.
  2926 | D:2      | Found a glowing silver altar of Zin.
  2928 | D:2      | Found an ornate altar of the Wu Jian Council.
  3295 | D:3      | Noticed Sigmund
  3429 | D:3      | Noticed Terence
  3444 | D:2      | Killed Terence
  3652 | D:3      | Noticed Robin
  3780 | D:2      | Reached XP level 6. HP: 34/43 MP: 6/6
  3903 | D:2      | Reached skill level 4 in Fighting
  4046 | D:2      | HP: 12/43 [hobgoblin/+0 club[Robin] (1)]
  4048 | D:2      | HP: 5/43 [goblin/+0 club[Robin] (3)]
  4048 | D:2      | Slain by a hobgoblin

Vanquished Creatures
  Terence (D:2)
  4 gnolls
  10 adders (D:2)
  2 oozes
  A worm (D:2)
  2 dart slugs (D:1)
  2 leopard geckos (D:1)
  2 giant cockroaches
  17 goblins
  7 hobgoblins
  3 jackals (D:1)
  2 quokkas
  7 bats
  5 frilled lizards
  7 kobolds
  12 rats
84 creatures vanquished.
